 Dungeon Crawl Stone Soup version 0.20-a0-1016-g241539b (webtiles) character file.

6674 FastMan the Cleaver (level 11, -12/51 HPs)
             Began as a Vine Stalker Fighter on Apr 16, 2017.
             Was an Initiate of Cheibriados.
             Mangled by an ice beast (14 damage)
             ... on level 9 of the Dungeon.
             The game lasted 00:07:11 (6769 turns).

FastMan the Cleaver (Vine Stalker Fighter)          Turns: 6769, Time: 00:07:12

Health: -12/51     AC: 15    Str: 20    XL:     11   Next: 3%
Magic:  0/12       EV:  4    Int:  9    God:    Cheibriados [......]
Gold:   264        SH: 13    Dex: 18    Spells: 10/10 levels left

rFire    . . .     SeeInvis .   a - +1 war axe
rCold    . . .     Gourm    .   c - +1 shield
rNeg     . . .     Faith    .   k - +3 plate armour
rPois    .         Spirit   +   (no helmet)
rElec    .         Reflect  .   (no cloak)
rCorr    .         Harm     .   (no gloves)
MR       +....                  (no boots)
Stlth    ..........             (no amulet)
Regen    0.6/turn               w - +1 ring of protection
MPRegen  0.2/turn               (no ring)

@: very slightly contaminated, invisible, very slow
A: fangs 3, regeneration 1, magic shield, antimagic bite, no potion heal 3, rot
immunity
a: Bend Time, Renounce Religion


You were on level 9 of the Dungeon.
You worshipped Cheibriados.
Cheibriados was noncommittal.
You were hungry.

You visited 2 branches of the dungeon, and saw 11 of its levels.

You collected 507 gold pieces.
You spent 243 gold pieces at shops.

Inventory:

Hand Weapons
 a - a +1 war axe (weapon)
Armour
 c - a +1 shield (worn)
 k - a +3 plate armour (worn)
 q - a +0 cloak
Jewellery
 e - an uncursed ring of resist corrosion {unknown}
 w - a +1 ring of protection (left hand)
Scrolls
 h - 4 scrolls of teleportation {@r3}
 i - 2 scrolls of magic mapping
 j - 2 scrolls of identify {@r1}
 o - a scroll of immolation {unknown}
 r - 2 scrolls of blinking {@r4}
 s - 2 scrolls of enchant armour
 t - a scroll of remove curse {@r2}
Potions
 b - a potion of magic {unknown}
 m - a potion of curing {@q1}
 v - a potion of cancellation
Comestibles
 d - 4 meat rations {@e2}
 f - 8 bread rations {@e1}
 n - 5 chunks of flesh
 p - 5 royal jellies {@e3}
 u - 3 fruits {@e4}


   Skills:
 - Level 2.6 Fighting
 * Level 12.1 Axes
 - Level 2.4 Armour
 + Level 9.2 Shields


You had 10 spell levels left.
You didn't know any spells.

Dungeon Overview and Level Annotations

Branches:
Dungeon (10/15)            Temple (1/1) D:4            Lair (0/6) D:10
    Orc (0/2) D:10

Altars:
Cheibriados
Dithmenos
Elyvilon
Kikubaaqudgha
Makhleb
Ru
Sif Muna
Trog
Vehumet
Yredelemnul
Zin

Shops:
D:6 [

Annotations:
D:4 Eustachio
D:10 exclusion: oklob plant


Innate Abilities, Weirdness & Mutations

You have razor-sharp teeth.
Your natural rate of healing is unusually fast.
When hurt, damage is shared between your health and your magic reserves.
Your bite disrupts and absorbs the magic of your enemies.
Potions cannot restore your health.
You are immune to rotting.


Message History

You hear an angry buzzing noise.
The killer bee stings you but does no damage.
The killer bee is no longer berserk. x2
You feel sick.
You are no longer poisoned.
You block the killer bee's attack.
The killer bee stings you but does no damage.
You block the killer bee's attack.
There is a stone staircase leading up here.
The killer bee stings you.
* * * LOW HITPOINT WARNING * * *
The killer bee stings you.
* * * LOW HITPOINT WARNING * * *
You climb upwards.
An ice beast comes into view.
The ice beast hits you but does no damage.
The ice beast hits you.
* * * LOW HITPOINT WARNING * * *
The ice beast freezes you!
You die...

.... #. ##
..#.##. ..
....#.####.#
..........#
####.....[..#
.......|....##.
#....Y.......
#....@y...#
............#
..#.#.......# #
##[###### ..
### ####


You could see an ice beast and a killer bee.

Vanquished Creatures
  A two-headed ogre (D:8)
  The ghost of SomeFlowers the Basher, a novice TrBe of Trog (D:7)
  The ghost of FastMan the Chopper, a novice VSBe of Trog (D:5)
  A queen bee (D:10)
  A troll (D:9)
  4 hippogriffs
  A yak (D:7)
  A human (D:7)
  3 hogs (D:7)
  2 steam dragons (D:7)
  Duvessa (D:6)
  2 orc warriors
  2 sky beasts
  A hornet zombie (D:6)
  An ogre (D:7)
  2 phantoms
  A centaur (D:9)
  Blork the orc (D:5)
  3 bullfrogs
  A water moccasin zombie (D:9)
  2 scorpions
  Dowan (D:6)
  13 killer bees
  3 howler monkeys (D:8)
  A centaur zombie (D:4)
  3 crimson imps
  A quasit (D:8)
  2 jellies
  3 bullfrog zombies
  A centaur skeleton (D:7)
  3 hounds
  A gnoll shaman (D:4)
  2 orc priests
  10 orc wizards
  3 worker ants
  A killer bee zombie (D:6)
  2 hound skeletons
  2 worker ant zombies
  6 gnolls
  12 adders
  2 shadow imps
  An adder zombie (D:6)
  An adder skeleton (D:4)
  A worm (D:3)
  2 dart slugs
  4 leopard geckos
  28 orcs
  A ball python (D:1)
  6 giant cockroaches
  5 goblins
  4 hobgoblins
  17 jackals
  2 kobolds (D:2)
  5 quokkas
  11 bats
  5 frilled lizards
  2 giant cockroach zombies (D:5)
  A jackal skeleton (D:4)
  A leopard gecko skeleton (D:4)
  5 rats
207 creatures vanquished.

Notes
Turn   | Place    | Note
-------+----------+-------------------------------------------
     0 | D:1      | FastMan the Vine Stalker Fighter began the quest for the Orb.
     0 | D:1      | Reached XP level 1. HP: 11/11 MP: 2/2
    49 | D:1      | Reached skill level 2 in Axes
    79 | D:1      | Reached XP level 2. HP: 16/16 MP: 3/3
   351 | D:1      | Reached XP level 3. HP: 12/19 MP: 4/4
   568 | D:2      | Reached skill level 3 in Axes
   960 | D:2      | Gained mutation: Your natural rate of healing is unusually fast. [Vine Stalker growth]
   960 | D:2      | Reached XP level 4. HP: 23/23 MP: 5/5
  1433 | D:3      | Reached XP level 5. HP: 27/27 MP: 6/6
  1770 | D:4      | Reached skill level 4 in Axes
  1790 | D:4      | Found a basalt altar of Yredelemnul.
  1836 | D:4      | Reached XP level 6. HP: 20/32 MP: 7/7
  1865 | D:4      | Found a shadowy altar of Dithmenos.
  1907 | D:4      | Reached skill level 5 in Axes
  1981 | D:4      | Noticed Eustachio
  2009 | D:5      | Entered Level 5 of the Dungeon
  2040 | D:5      | Reached XP level 7. HP: 35/35 MP: 8/8
  2069 | D:5      | Noticed Blork the orc
  2083 | D:5      | Killed Blork the orc
  2186 | D:5      | Reached skill level 6 in Axes
  2186 | D:5      | Reached skill level 5 in Shields
  2295 | D:5      | Noticed FastMan's ghost (novice VSBe)
  2335 | D:5      | Killed FastMan's ghost
  2335 | D:5      | Reached skill level 7 in Axes
  2335 | D:5      | Gained mutation: You have razor-sharp teeth. [Vine Stalker growth]
  2335 | D:5      | Reached XP level 8. HP: 16/39 MP: 5/9
  2500 | D:6      | Noticed Dowan
  2501 | D:6      | Noticed Duvessa
  2624 | D:6      | Found Dootut's Antique Armour Shoppe.
  2630 | D:6      | Bought a polished scale mail for 243 gold pieces
  2640 | D:6      | Identified the +4 scale mail of Qedyimock {+Inv} (You bought it in a shop on level 6 of the Dungeon)
  2718 | D:6      | Found a bloodstained altar of Trog.
  2718 | D:6      | Found a white marble altar of Elyvilon.
  2816 | D:6      | Killed Dowan
  2833 | D:6      | Killed Duvessa
  3275 | D:7      | Noticed SomeFlowers's ghost (novice TrBe)
  3336 | D:8      | Reached skill level 8 in Axes
  3504 | D:8      | Noticed a two-headed ogre
  3624 | D:8      | Killed a two-headed ogre
  3624 | D:8      | Reached skill level 9 in Axes
  3624 | D:8      | Reached XP level 9. HP: 15/43 MP: 5/10
  4350 | D:8      | Found an ancient bone altar of Kikubaaqudgha.
  4610 | D:8      | Reached skill level 10 in Axes
  4769 | D:9      | Reached XP level 10. HP: 47/47 MP: 11/11
  5317 | D:7      | Reached skill level 11 in Axes
  5435 | D:7      | Found a shadowy altar of Dithmenos.
  5576 | D:7      | Killed SomeFlowers's ghost
  6150 | D:4      | Found a sacrificial altar of Ru.
  6276 | D:4      | Found a staircase to the Ecumenical Temple.
  6329 | Temple   | Entered the Ecumenical Temple
  6355 | Temple   | Became a worshipper of Cheibriados the Contemplative
  6589 | D:10     | Entered Level 10 of the Dungeon
  6656 | D:10     | Noticed an oklob plant
  6677 | D:10     | Found a staircase to the Lair.
  6705 | D:10     | Reached skill level 12 in Axes
  6706 | D:10     | Found a staircase to the Orcish Mines.
  6739 | D:10     | Reached XP level 11. HP: 38/51 MP: 10/12
  6769 | D:9      | HP: 2/51 [ice beast (3)]
  6769 | D:9      | Mangled by an ice beast

Vault maps used:
D:1:      dpeg_arrival_lava_altar
D:2:      first_bread, minmay_tromino_v4_c
D:3:      kb_forest_paths
D:4:      marbit_many_paths, nicolae_dithmenos_shadow_blocks, temple_green,
          nicolae_ossuary_entry_ruins, serial_undead, serial_undead_a,
          serial_undead_e, serial_undead_b, serial_undead_e,
          yredelemnul_altar_generic, uniq_eustachio
D:5:      uniq_blork_the_orc
D:6:      chequers_temple_overflow_statue_of_worship, serial_shops, shop_statue,
          uniq_duvessa
D:7:      kennysheep_steamy, basic_altar, grunt_livestock,
          roderic_cross_of_infinity
D:8:      nicolae_overflow_crystal_walls
D:10:     dpeg_oklobed_lair, orc_0_dummy, basic_altar
Temple:   minmay_crystal_spiral_temple

Skill      XL: |  1  2  3  4  5  6  7  8  9 10 |
---------------+-------------------------------+-----
Axes           | 2 3 4 5 7 9 10 12 | 12.1
Shields        | 3 4 5 6 7 9 |  9.2
Fighting       | |  2.6
Armour         | |  2.4

Action                   |  1- 3 |  4- 6 |  7- 9 | 10-12 || total
-------------------------+-------+-------+-------+-------++-------
Melee: War axe           |    88 |   143 |   383 |   227 ||   841
       Bite              |    17 |    44 |   126 |    82 ||   269
  Use: Potion            |       |     1 |     4 |     3 ||     8
       Scroll            |       |       |    13 |     1 ||    14
 Stab: Invisible         |       |       |     5 |     4 ||     9
  Eat: Chunk             |       |     4 |     9 |     7 ||    20
Armor: Scale mail        |    46 |    86 |   115 |       ||   247
       Skin              |       |       |     9 |    18 ||    27
       Plate armour      |       |       |    56 |   104 ||   160
Dodge: Dodged            |    40 |    66 |    93 |    25 ||   224
Block: Shield            |    60 |    98 |   244 |   161 ||   563
